 Dungeon Crawl Stone Soup version 0.24.0-2-g5b39cebb1c (webtiles) character file.

Game seed: 13152081709388969708, levelgen mode: deterministic

464 Mrkan the Spear-Bearer (level 7, -8/54 HPs)
             Began as a Merfolk Gladiator on Oct 29, 2019.
             Was a Follower of Yredelemnul.
             Mangled by Sigmund
             ... wielding a +0 scythe
              (12 damage)
             ... on level 4 of the Dungeon.
             The game lasted 00:08:03 (3650 turns).

Mrkan the Spear-Bearer (Merfolk Gladiator)          Turns: 3650, Time: 00:08:04

Health: -8/54      AC:  4    Str: 15    XL:     7   Next: 8%
Magic:  7/7        EV: 21    Int:  8    God:    Yredelemnul [*.....]
Gold:   194        SH:  5    Dex: 21    Spells: 6/6 levels left

rFire    . . .     SeeInvis .   a - +0 trident
rCold    . . .     Gourm    .   u - +0 buckler
rNeg     . . .     Faith    .   b - +0 leather armour
rPois    .         Spirit   .   c - +0 helmet
rElec    .         Reflect  .   (no cloak)
rCorr    .         Harm     .   (no gloves)
MR       .....                  (no boots)
Stlth    +++.......             (no amulet)
HPRegen  0.18/turn              (no ring)
MPRegen  0.10/turn              (no ring)

@: agile
A: change form in water, swift swim, stealthy swim
a: Animate Remains, Renounce Religion


You were on level 4 of the Dungeon.
You worshipped Yredelemnul.
Yredelemnul was aware of your devotion.
You were not hungry.

You visited 1 branch of the dungeon, and saw 4 of its levels.
You also visited: Sewer.

You collected 194 gold pieces.

Inventory:

Hand Weapons
 a - a +0 trident (weapon)
Missiles
 d - 3 throwing nets (quivered)
 r - 10 atropa-tipped darts
Armour
 b - a +0 leather armour (worn)
 c - a +0 helmet (worn)
 u - a +0 buckler (worn)
Jewellery
 m - an uncursed amulet of the gourmand {unknown}
 w - an uncursed ring of fire {unknown}
 x - an uncursed ring of protection from fire {unknown}
 y - an uncursed ring of protection from cold {unknown}
Scrolls
 g - a scroll of identify {unknown}
 h - a scroll of random uselessness {unknown}
 j - a scroll of immolation {unknown}
 l - 4 scrolls of fog {unknown}
 q - 4 scrolls of remove curse {unknown}
 t - 3 scrolls of teleportation {unknown}
 v - a scroll of enchant weapon {unknown}
 A - a scroll of magic mapping {unknown}
 B - a scroll of fear {unknown}
 C - a scroll of blinking {unknown}
 E - a scroll of enchant armour {unknown}
Potions
 e - 2 potions of curing {unknown}
 i - a potion of agility
 k - 2 potions of haste {unknown}
 n - a potion of degeneration {unknown}
 p - a potion of flight {unknown}
 s - a potion of might {unknown}
 z - 2 potions of heal wounds
 D - a potion of brilliance {unknown}
Comestibles
 f - 5 rations
 o - 2 chunks of flesh


   Skills:
 + Level 4.1 Fighting
 * Level 8.1 Polearms
 - Level 2.0 Throwing
 + Level 5.8 Dodging
 + Level 2.4 Shields


You had 6 spell levels left.
You didn't know any spells.
Your spell library was empty.

Dungeon Overview and Level Annotations

Branches:
Dungeon (4/15)              Sewer (visited)
 Temple: D:4-7

Altars:
Dithmenos
Fedhas
Nemelex Xobeh
Vehumet
Yredelemnul
Zin

Annotations:
D:4 1 transporter, Sigmund


Message History

* * * LOW HITPOINT WARNING * * *
You miss something. Something hits you.
* * * LOW HITPOINT WARNING * * *
You hit something.
You feel agile all of a sudden. Something hits you.
* * * LOW HITPOINT WARNING * * *
You hit something but do no damage. Something closely misses you.
You closely miss something. You barely miss something.
Something barely misses you.
You closely miss something. You miss something. Something barely misses you.
You closely miss something.
You hear some strange, mumbled words.
A puff of flame appears from out of thin air!
The puff of flame hits you!
* * * LOW HITPOINT WARNING * * *
You barely miss something. Something hits you!
You die...
Your body rises from the dead as a mindless zombie.

#......###..####+####..
#.....###...#P../..P#...
#....#####..#8P.©.P8#...
#(.....####.#########..#
........##......©.......
........................
....##......#........#
...........##..!.....#
..........####..@....#
..........# #.#.{...#
....###..## #...........
..... #... #...........
...## ............ ..
####.......#. ......###
####.##


There were no monsters in sight!

Vanquished Creatures
  An ogre (D:1)
  A hound (D:4)
  An orc priest (D:3)
  An orc wizard (D:4)
  A bullfrog skeleton (D:4)
  A centaur skeleton (D:4)
  Terence (D:2)
  A worker ant (D:4)
  5 adders
  4 river rats (Sewer)
  An ooze (D:3)
  A worm (D:3)
  4 dart slugs
  5 leopard geckos
  8 orcs
  3 ball pythons (Sewer)
  5 bats
  5 giant cockroaches
  6 goblins
  2 hobgoblins
  3 jackals (D:4)
  7 kobolds
  A quokka (D:4)
  10 frilled lizards
  16 rats
  A spectral orc (D:2)
95 creatures vanquished.

Notes
Turn   | Place    | Note
-------+----------+-------------------------------------------
     0 | D:1      | Mrkan the Merfolk Gladiator began the quest for the Orb.
     0 | D:1      | Reached XP level 1. HP: 16/16 MP: 1/1
   146 | D:1      | Reached XP level 2. HP: 16/23 MP: 2/2
   358 | D:1      | Reached skill level 5 in Polearms
   791 | D:2      | Noticed Terence
   810 | D:2      | Killed Terence
   810 | D:2      | Reached XP level 3. HP: 28/28 MP: 3/3
   872 | D:2      | Reached XP level 4. HP: 33/34 MP: 4/4
   936 | D:2      | Noticed an ogre
  1109 | D:1      | Killed an ogre
  1109 | D:1      | Reached skill level 6 in Polearms
  1109 | D:1      | Reached skill level 5 in Dodging
  1109 | D:1      | Reached skill level 1 in Shields
  1109 | D:1      | Reached XP level 5. HP: 33/41 MP: 5/5
  1298 | D:2      | Found a glowing silver altar of Zin.
  1698 | D:2      | Found a basalt altar of Yredelemnul.
  1712 | D:2      | Became a worshipper of Yredelemnul the Dark
  1870 | D:3      | Found a sparkling altar of Nemelex Xobeh.
  2291 | D:3      | Found a blossoming altar of Fedhas.
  2308 | D:3      | Reached skill level 7 in Polearms
  2308 | D:3      | Reached XP level 6. HP: 31/47 MP: 6/6
  2581 | D:3      | Found a shadowy altar of Dithmenos.
  2581 | D:3      | Found a radiant altar of Vehumet.
  3027 | D:4      | Found a glowing drain.
  3030 | D:4      | Reached * piety under Yredelemnul
  3043 | Sewer    | Entered a sewer
  3312 | Sewer    | Reached skill level 8 in Polearms
  3395 | Sewer    | Reached XP level 7. HP: 54/54 MP: 7/7
  3611 | D:4      | Found a transporter.
  3617 | D:4      | Noticed Sigmund
  3650 | D:4      | Mangled by Sigmund

Levels and vault maps discovered:
D:1:      kennysheep_arrival_seaside, layout_basic
D:2:      layout_basic, yredelemnul_forgotten_temple_becter, old_standard_altar,
          uniq_terence
D:3:      layout_rooms, gammafunk_temple_overflow_elements, fedhas_altar_3,
          kennysheep_decorative_pillar, nemelex_dance_club_becter
D:4:      gammafunk_wand_slinger, layout_cave_pools, portal_sewer_entry_f,
          first_ration, kennysheep_nub, minmay_misc_feat_five, uniq_sigmund

Skill      XL: |  1  2  3  4  5  6 |
---------------+-------------------+-----
Polearms       | 5 6 7 8 |  8.1
Fighting       | 3 4 |  4.1
Dodging        | 5 |  5.8
Shields        | 1 2 |  2.4
Throwing       | |  2.0

Action                   |  1- 3 |  4- 6 |  7- 9 || total
-------------------------+-------+-------+-------++-------
Melee: Trident           |    71 |   252 |    46 ||   369
       Tailslap          |       |     3 |       ||     3
  Use: Potion            |     1 |     1 |     1 ||     3
 Stab: Sleeping          |     2 |     3 |       ||     5
       Distracted        |     1 |       |       ||     1
  Eat: Chunk             |       |     8 |     1 ||     9
Armor: Leather armour    |    17 |    40 |     5 ||    62
Dodge: Dodged            |    45 |   191 |    16 ||   252
Block: Buckler           |       |    46 |     5 ||    51
